 Dungeon Crawl Stone Soup version 0.21.1-1-g345015f (webtiles) character file.

7 tidbits the Grave Robber (level 2, 2/19 HPs)
             Began as a Gnoll Necromancer on June 26, 2018.
             Quit the game on level 4 of the Dungeon.
             The game lasted 00:01:12 (104 turns).

tidbits the Grave Robber (Gnoll Necromancer)         Turns: 104, Time: 00:01:14

Health: 2/19       AC:  2    Str: 10    XL:     2   Next: 4%
Magic:  4/7        EV: 14    Int: 17    God:
Gold:   17         SH:  0    Dex: 15    Spells: 9/10 levels left

rFire    . . .     SeeInvis .   (no weapon)
rCold    . . .     Gourm    .   (no shield)
rNeg     . . .     Faith    .   a - +0 robe
rPois    .         Spirit   .   (no helmet)
rElec    .         Reflect  .   (no cloak)
rCorr    .         Harm     .   (no gloves)
MR       .....                  (no boots)
Stlth    +++.......             (no amulet)
HPRegen  0.06/turn              (no ring)
MPRegen  0.10/turn              (no ring)

@: no status effects
A: distributed training, fangs 1, strong nose
a: no special abilities


You were on level 4 of the Dungeon.
You were not hungry.

You visited 1 branch of the dungeon, and saw 4 of its levels.

You collected 17 gold pieces.

Inventory:

Missiles
 d - 20 bolts
Armour
 a - a +0 robe (worn)
Books
 b - a book of Necromancy

   Spells                             Type                      Level
   a - Pain                           Necromancy                   1
   b - Animate Skeleton               Necromancy                   1
   c - Vampiric Draining              Necromancy                   3
   d - Regeneration                   Charms/Necromancy            3
   e - Animate Dead                   Necromancy                   4
   f - Borgnjor's Vile Clutch         Necromancy/Earth             5
Comestibles
 c - 2 rations


   Skills:
 + Level 0.2 Fighting
 + Level 0.2 Short Blades
 + Level 0.2 Long Blades
 + Level 0.2 Axes
 + Level 0.2 Maces & Flails
 + Level 0.2 Polearms
 + Level 0.2 Staves
 + Level 0.2 Slings
 + Level 0.2 Bows
 + Level 0.2 Crossbows
 + Level 0.2 Throwing
 + Level 0.2 Armour
 + Level 4.4 Dodging
 + Level 4.0 Stealth
 + Level 0.2 Shields
 + Level 0.2 Unarmed Combat
 + Level 4.9 Spellcasting
 + Level 0.1 Conjurations
 + Level 0.1 Hexes
 + Level 0.1 Charms
 + Level 0.1 Summonings
 + Level 7.0 Necromancy
 + Level 0.1 Translocations
 + Level 0.1 Transmutations
 + Level 0.1 Fire Magic
 + Level 0.1 Ice Magic
 + Level 0.1 Air Magic
 + Level 0.1 Earth Magic
 + Level 0.1 Poison Magic
 + Level 0.3 Invocations
 + Level 0.2 Evocations


You had 9 spell levels left.
You knew the following spells:

 Your Spells              Type           Power        Failure   Level  Hunger
a - Pain                  Necr           ####         1%          1    None


Dungeon Overview and Level Annotations

Branches:
Dungeon (4/15)
 Temple: D:4-7

Altars:


Innate Abilities, Weirdness & Mutations

Your experience applies equally to all skills.
You have very sharp teeth.
Your uncanny sense of smell can sniff out nearby items.


Message History

Aiming: Pain
Press: ? - help, Shift-Dir - straight line, f/p - hobgoblin
Aim: a hobgoblin (chance to defeat MR: 93%)
The hobgoblin writhes in agony!
You kill the hobgoblin!
Casting: Pain
Confirm with . or Enter, or press ? or * to list all spells.
Aiming: Pain
Press: ? - help, Shift-Dir - straight line, f - giant cockroach
Aim: a giant cockroach (clinging, chance to defeat MR: 93%)
The giant cockroach writhes in agony!
Casting: Pain
Confirm with . or Enter, or press ? or * to list all spells.
Aiming: Pain
Press: ? - help, Shift-Dir - straight line, f/p - giant cockroach
Aim: a giant cockroach (severely wounded, clinging, chance to defeat MR: 93%)
The giant cockroach writhes in agony!
You kill the giant cockroach!
You see here a hobgoblin corpse.
A kobold comes into view. It is wielding a short sword.
A bat comes into view.
There is a stone staircase leading down here.
Unknown command.
You climb downwards.
A hobgoblin comes into view. It is wielding a club.
There is a stone staircase leading up here.
Casting: Pain
Confirm with . or Enter, or press ? or * to list all spells.
Aiming: Pain
Press: ? - help, Shift-Dir - straight line, f - hobgoblin
Aim: a hobgoblin, wielding a club (resting, chance to defeat MR: 93%)
The hobgoblin writhes in agony!
You kill the hobgoblin!
You see here a club.
Found an escape hatch in the floor.
There is an escape hatch in the floor here.
You slide downwards.
The hatch slams shut behind you.
Found 17 gold pieces.
Unknown command.
You see here 17 gold pieces.
You now have 17 gold pieces.
Found a ration.
You see here a ration.
c - 2 rations (gained 1)
Found 20 bolts.
Found a stone staircase leading down.
You see here 20 bolts.
d - 20 bolts An orc comes into view. It is wielding a mace.
An adder and a worm come into view.
The orc shouts!
You hear a shout!
The worm moves out of view.
Found a ration.
Unknown command.
An adder and an orc come into view.
Found a chain mail, a fuming silvery potion and 11 gold pieces.
There is a stone staircase leading down here.
Unknown command.
The adder hisses angrily.
The worm barely misses you. The orc hits you with a short sword.
* * * LOW HITPOINT WARNING * * *
You climb downwards.
There is a stone staircase leading up here.
Unknown command.
The orc closely misses you.
Casting: Pain
Confirm with . or Enter, or press ? or * to list all spells.
Aiming: Pain
Press: ? - help, Shift-Dir - straight line, f - orc
Aim: an orc, wielding a short sword and wearing a leather armour (chance to defeat MR: 93%)
The orc writhes in agony!
The orc hits you but does no damage.
Casting: Pain
Confirm with . or Enter, or press ? or * to list all spells.
Aiming: Pain
Press: ? - help, Shift-Dir - straight line, f/p - orc
Aim: an orc, wielding a short sword and wearing a leather armour (moderately wounded, chance to defeat MR: 93%)
The orc writhes in agony!
The orc hits you with a short sword.
* * * LOW HITPOINT WARNING * * *
Casting: Pain
Confirm with . or Enter, or press ? or * to list all spells.
Aiming: Pain
Press: ? - help, Shift-Dir - straight line, f/p - orc
Aim: an orc, wielding a short sword and wearing a leather armour (almost dead, chance to defeat MR: 93%)
The orc writhes in agony!
You kill the orc!
You have reached level 2! 2 orc wizards come into view.
The orc wizard shouts! x2
The orc wizard gestures wildly while chanting.
The orc wizard flickers and vanishes!
An orc comes into view.
You aren't carrying any potions.
The orc shouts!
You hear a shout!
A worm comes into view.
A puff of flame appears from out of thin air!
The puff of flame misses you.
An ogre comes into view. It is wielding a giant club.
The ogre shouts!
An orc priest comes into view.
Are you sure you want to abandon this character and quit the game? (Confirm with "yes".)

.. #..# #. #..# #.
#..# #. #..# . #.
#..# ...###. #..#
.......######..####
.......@...w....).#
.....#.#.##.#o###.##
... ......o.#.# #<.#
. #w#.###..#.# #..#
...#. #..#.# #...#
..# #. ....O. .....#
... .. .8...8.
.8...# .# #.
...#o..#......
...###.###......


You could see an ogre, 2 worms, an orc priest (wandering), an orc wizard and an
orc.

Vanquished Creatures
  An orc (D:4)
  A giant cockroach (D:1)
  3 hobgoblins
5 creatures vanquished.

Notes
Turn   | Place    | Note
-------+----------+-------------------------------------------
     0 | D:1      | tidbits the Gnoll Necromancer began the quest for the Orb.
     0 | D:1      | Reached XP level 1. HP: 13/13 MP: 6/6
    92 | D:4      | HP: 1/13 [orc/short sword (3)]
    93 | D:4      | Reached XP level 2. HP: 2/19 MP: 3/7
   103 | D:4      | Noticed an ogre
   104 | D:4      | Quit the game

Action                   || total
-------------------------++-------
 Cast: Pain              ||    10
Dodge: Dodged            ||     3

Table legend:
 A = Turns spent in this place as a percentage of turns spent in the entire game.
 B = Non-inter-level travel turns spent in this place as a percentage of non-inter-level travel turns spent in the entire game.
 C = Inter-level travel turns spent in this place as a percentage of turns spent in this place.
 D = Turns resting spent in this place as a percentage of non-inter-level travel turns spent in this place.
 E = Turns spent auto-exploring this place as a percentage of non-inter-level travel turns spent in this place.
 F = Non-inter-level travel turns spent in this place divided by the number of levels of this place that you've seen.
                   A       B       C       D       E      F
               +-------+-------+-------+-------+-------+----------------------
         Total | 100.0 | 100.0 |   0.0 |   0.0 |   0.0 |  26.0
       Dungeon | 100.0 | 100.0 |   0.0 |   0.0 |   0.0 |  26.0
               +-------+-------+-------+-------+-------+----------------------

Table legend:
 A = Kills in this place as a percentage of kills in entire the game.
 B = Kills by you in this place as a percentage of kills by you in the entire game.
 C = Kills by friends in this place as a percentage of kills by friends in the entire game.
 D = Other kills in this place as a percentage of other kills in the entire game.
 E = Experience gained in this place as a percentage of experience gained in the entire game.
 F = Experience gained in this place divided by the number of levels of this place that you have seen.
                   A       B       C       D       E      F
               +-------+-------+-------+-------+-------+----------------------
         Total | 100.0 | 100.0 |   N/A |   N/A | 100.0 |   2.8
       Dungeon | 100.0 | 100.0 |   N/A |   N/A | 100.0 |   2.8
               +-------+-------+-------+-------+-------+----------------------

Vault maps used:
D:1:      saegor_arrival_simple_f, minmay_pentomino_v4
D:2:      grunt_temple_overflow_open, lemuel_crystal_altar
D:3:      amethyst_overflow_temple_binary, kennysheep_generic_room_15,
          uniq_robin
D:4:      chequers_temple_overflow_minitemple,
          minmay_temple_entry_enclosed_plants, minmay_misc_feat_four_crosses,
          uniq_menkaure, uniq_ijyb
